Map: Acropolis LE

Players

susanoo

  • Race: Zerg Zerg
  • League: Gold
  • Spawn Location: 5:00

red - Winner!

  • Race: Zerg Zerg
  • Spawn Location: 11:00

VOD

Have the link to the VOD?

Description

Time

  • Played on: May 25, 2019, 3:31 p.m.
  • Length: 8:58
Show
View Real Time Build Order
Export as new Build Order

susanoo Zerg 

Build Orders: Hatch First 

Get SALT Encoding   

  12  0:01  Drone  
  13  0:12  Overlord  
  13  0:16  Drone  
  14  0:31  Drone x2  
  14  0:34  Drone  
  17  0:53  Hatchery  
  16  0:57  Drone  
  16  1:01  Extractor  
  16  1:02  Drone  
  17  1:17  Spawning Pool  
  16  1:29  Drone  
  17  2:04  Zergling x4  
  17  2:07  Queen, Zergling x4  
  25  2:10  Metabolic Boost  
  25  2:18  Zergling x4  
  25  2:35  Overlord  
  25  2:40  Hatchery  
  24  2:45  Baneling Nest  
  24  2:49  Overlord  
  23  2:57  Zergling x2  
  24  3:07  Zergling x2  
  24  3:10  Zergling x2  
  26  3:16  Zergling x6  
  29  3:29  Zergling x2  
  30  3:36  Queen  
  30  3:41  Zergling x2  
  33  3:43  Baneling x2  
  33  3:44  Baneling x2  
  33  3:52  Zergling x8  
  37  4:01  Zergling x4  
  39  4:08  Baneling  
  37  4:11  Zergling x4  
  35  4:21  Zergling x2  
  35  4:22  Zergling x2  
  31  4:41  Lair  
  31  4:58  Drone  
  31  4:59  Drone x2  
  34  5:03  Queen  
  36  5:09  Drone x2  
  36  5:10  Drone x2  
  36  5:12  Extractor  
  39  5:22  Roach Warren  
  39  5:23  Drone  
  39  5:40  Drone x2  
  41  5:50  Drone  
  41  5:51  Drone  
  43  6:05  Overlord  
  43  6:06  Overlord x2  
  42  6:27  Roach x3  
  42  6:28  Roach x4  
  56  6:40  Drone x3  
  56  6:41  Drone x2  
  59  7:04  Roach x4  
  67  7:20  Glial Reconstitution  
  67  7:27  Evolution Chamber x2  
  65  7:31  Hatchery  
  64  7:41  Hydralisk Den  
  63  8:03  Drone x2  
  63  8:04  Drone x3  
  68  8:08  Extractor  
  68  8:09  Extractor  
Show
View Real Time Build Order
Export as new Build Order

red Zerg - Winner!

Build Orders: Pool First 

Get SALT Encoding   

  12  0:18  Spawning Pool  
  11  0:22  Drone  
  11  0:26  Drone  
  13  0:36  Overlord  
  13  0:41  Drone  
  14  1:06  Zergling x6  
  17  1:12  Queen  
  17  1:17  Zergling x2  
  20  1:31  Hatchery  
  19  1:35  Drone  
  20  1:42  Overlord  
  20  1:50  Drone  
  21  2:00  Drone  
  22  2:04  Queen  
  24  2:11  Drone  
  25  2:21  Drone x3  
  28  2:30  Drone  
  29  2:38  Extractor  
  29  2:40  Drone  
  29  2:48  Queen, Drone  
  29  2:50  Drone  
  33  2:55  Overlord  
  33  3:04  Queen  
  36  3:05  Drone  
  36  3:17  Drone  
  36  3:18  Drone x2  
  39  3:26  Overlord, Spine Crawler  
  38  3:27  Drone x3  
  41  3:34  Drone  
  41  3:38  Drone x2  
  44  3:46  Drone x2  
  46  3:49  Drone  
  46  3:51  Drone  
  48  4:08  Evolution Chamber  
  41  4:10  Evolution Chamber  
  41  4:12  Evolution Chamber  
  39  4:30  Drone x5  
  44  4:32  Drone  
  44  4:34  Lair  
  44  4:37  Roach Warren  
  44  4:41  Queen  
  44  4:43  Extractor  
  44  4:44  Drone x2, Extractor  
  44  4:45  Drone  
  47  4:54  Overlord  
  47  4:56  Drone  
  48  5:00  Extractor  
  48  5:04  Drone x3  
  48  5:06  Drone  
  51  5:08  Drone  
  52  5:18  Zerg Ground Armor Level 1  
  52  5:28  Drone  
  53  5:29  Roach  
  53  5:30  Roach x2  
  53  5:31  Overlord x2  
  53  5:35  Glial Reconstitution  
  59  5:39  Overlord  
  59  5:51  Roach x5  
  69  5:59  Drone  
  69  6:02  Spire  
  69  6:05  Roach x4  
  77  6:36  Roach x3  
  77  6:38  Overlord x2  
  77  6:39  Overlord x2  
  83  6:41  Drone  
  84  7:07  Overlord x2  
  84  7:21  Hatchery  
  83  7:25  Mutalisk x2  
  83  7:26  Mutalisk x6  
  99  7:34  Queen  
  99  7:35  Queen  
  103  7:37  Overlord x3  
  103  7:41  Drone  
  103  7:42  Drone x3  
  107  7:51  Drone  
  108  7:53  Drone  
  109  8:03  Mutalisk  
  109  8:05  Mutalisk  
  113  8:17  Drone x5  
  118  8:27  Drone x2  
  118  8:28  Drone  
  118  8:29  Drone  
  122  8:37  Drone x4  
  122  8:38  Drone  
  122  8:41  Drone  
Tags
 
League
Gold
Matchup
ZvZ
Race
Zerg
Spawn Locations
Cross Positions
Add a new tag
Caveats
  • Supply blocks, unpowered buildings, or Contaminate may cause inaccurate times.
  • Supply counts are checked every 10 seconds.